 Dungeon Crawl Stone Soup version 0.28-a0-245-g639a1a48b9 (webtiles) character file.

Game seed: 16670463811164689191

108 zdrol the Cudgeller (level 4, 0/41 HPs)
             Began as a Minotaur Monk on Aug 24, 2021.
             Slain by an orc (3 damage)
             ... on level 3 of the Dungeon.
             The game lasted 00:07:19 (2106 turns).

zdrol the Cudgeller (Minotaur Monk)                 Turns: 2106, Time: 00:07:19

Health: 0/41       AC:  2    Str: 15    XL:     4   Next: 58%
Magic:  3/3        EV: 13    Int:  7    God:
Gold:   147        SH:  0    Dex: 14    Spells: 3/3 levels left

rFire   . . .      SeeInvis .   a - +0 mace
rCold   . . .      Faith    .   (no shield)
rNeg    . . .      Spirit   .   b - +0 robe
rPois   .          Reflect  .   (helmet restricted)
rElec   .          Harm     .   (no cloak)
rCorr   .          Rampage  .   (no gloves)
Will    .....                   (no boots)
Stlth   ++........              (no amulet)
HPRegen 0.13/turn               (no ring)
MPRegen 0.08/turn               (no ring)

@: hasted, very quick
A: horns 2, retaliatory headbutt
a: no special abilities


You were on level 3 of the Dungeon.
You visited 1 branch of the dungeon, and saw 3 of its levels.

You collected 147 gold pieces.

Inventory:

Hand Weapons
 a - a +0 mace (weapon)
Missiles
 m - 10 poisoned darts (quivered)
Armour
 b - a +0 robe (worn)
Scrolls
 d - a scroll of enchant weapon
 e - a scroll of silence
 h - 2 scrolls of magic mapping {unknown}
 i - a scroll of vulnerability {unknown}
 j - a scroll of blinking {unknown}
 l - a scroll of fog {unknown}
Potions
 f - 2 potions of degeneration
 k - 2 potions of curing {unknown}
 n - 2 potions of brilliance {unknown}


   Skills:
 + Level 4.6 Fighting
 + Level 4.6 Maces & Flails
 + Level 4.4 Dodging
 + Level 1.9 Stealth


You had 3 spell levels left.
You didn't know any spells.
Your spell library contained the following spells:

 Spells                   Type           Power      Damage    Failure   Level
 Beastly Appendage        Tmut           0%         N/A       43%         1
 Wereblood                Tmut           0%         N/A       56%         2
 Dazzling Flash           Conj/Hex       0%         N/A       80%         3
 Spider Form              Tmut/Pois      0%         N/A       80%         3
 Iskenderun's Mystic Bla  Conj/Tloc      0%         2d3       99%         4
 Starburst                Conj/Fire      0%         6d3       100%        6


Dungeon Overview and Level Annotations

Branches:
Dungeon (3/15)

Altars:
The Shining One


Innate Abilities, Weirdness & Mutations

You have a pair of horns on your head.
You reflexively headbutt those who attack you in melee.


Message History

You kill the frilled lizard!
The orc priest hits you with a +0 dagger.
The orc hits you with a +0 short sword. The orc hits you with a +0 hand axe.
You sock the orc!
You kill the orc!
The orc priest completely misses you. The orc hits you with a +0 hand axe.
You hit the orc priest.
The orc priest is lightly wounded.
The orc priest closely misses you. You furiously retaliate!
You headbutt the orc priest! The orc hits you with a +0 hand axe.
The orc priest hits you with a +0 dagger.
* * * LOW HITPOINT WARNING * * *
You barely miss the orc priest.
The orc priest is severely wounded.
The orc closely misses you.
The orc priest hits you with a +0 dagger.
* * * LOW HITPOINT WARNING * * *
It was a potion of haste.
You feel yourself speed up. The orc hits you with a +0 hand axe.
* * * LOW HITPOINT WARNING * * *
The orc priest misses you. You furiously retaliate!
You headbutt the orc priest. You sock the orc priest!
You kill the orc priest!
The orc closely misses you.
You barely miss the orc. The orc closely misses you. You furiously retaliate!
You headbutt the orc. You hit the orc but do no damage.
The orc is heavily wounded.
The orc barely misses you.
You closely miss the orc. Your headbutt misses the orc.
The orc is heavily wounded.
The orc hits you with a +0 hand axe.
* * * LOW HITPOINT WARNING * * *
You barely miss the orc. Your headbutt misses the orc.
The orc is heavily wounded.
You hit the orc. Your headbutt misses the orc.
The orc is severely wounded.
The orc hits you with a +0 hand axe.
You die...

...?........ #..........
##......... #..........
#.......... # #.......... ##
###.......... ..
###########..))o....... ..
#........##.##@......># .
#...........###......## ..
#........#########..## ##
#........##...>......# #.#####
#........##..........####.#...#
#.........#............##.#..##
#........>...........#.##.#..#.
############...<####.........#.
##..#######.#.....#.


You could see an orc.

Vanquished Creatures
  An orc priest (D:3)
  Jessica (D:3)
  An adder (D:2)
  A dart slug (D:2)
  An orc (D:3)
  3 bats
  An endoplasm (D:2)
  3 giant cockroaches
  2 goblins
  4 hobgoblins
  6 jackals
  3 kobolds
  A quokka (D:1)
  2 ball pythons
  3 frilled lizards
  6 rats
39 creatures vanquished.

Notes
Turn   | Place    | Note
-------+----------+-------------------------------------------
     0 | D:1      | zdrol the Minotaur Monk began the quest for the Orb.
     0 | D:1      | Reached XP level 1. HP: 19/19 MP: 0/0
   250 | D:1      | Reached XP level 2. HP: 27/27 MP: 1/1
  1286 | D:2      | Reached XP level 3. HP: 33/33 MP: 2/2
  1534 | D:2      | Found a glowing golden altar of the Shining One.
  1941 | D:3      | Noticed Jessica
  1949 | D:3      | Killed Jessica
  1950 | D:3      | Reached XP level 4. HP: 41/41 MP: 3/3
  2106 | D:3      | Slain by an orc

Illustrated notes

Levels and vault maps discovered:
D:1:      dpeg_arrival_connections, layout_basic, minmay_pentomino_q4
D:2:      layout_basic, basic_altar
D:3:      layout_rooms, shapermc_ecumenical_altar_mp_urbaneastern,
          solitary_fountain, kennysheep_nub, uniq_jessica

Skill      XL: |  1  2  3 |
---------------+----------+-----
Fighting       | 4 |  4.6
Maces & Flails | 4 |  4.6
Dodging        | 4 |  4.4
Stealth        | |  1.9

Action                   |  1- 3 |  4- 6 || total
-------------------------+-------+-------++-------
Melee: Mace              |    73 |    16 ||    89
       Headbutt          |    16 |     1 ||    17
  Use: Scroll            |     3 |       ||     3
       Potion            |       |     2 ||     2
Armor: Robe              |    14 |     5 ||    19
Dodge: Dodged            |    70 |    25 ||    95

Table legend: (Time is in decaauts)
 A = Elapsed time spent in this place.
 B = Non-inter-level travel time spent in this place.
 C = Inter-level travel time spent in this place.
 D = Time resting spent in this place.
 E = Time spent auto-exploring this place.
 F = Levels seen in this place.
 G = Mean time per level.
                   A        B        C        D        E       F      G
               +--------+--------+--------+--------+--------+-----+--------+
         Total |   2121 |   2121 |      0 |    178 |   1206 |   3 |  707.0 |
       Dungeon |   2121 |   2121 |      0 |    178 |   1206 |   3 |  707.0 |
               +--------+--------+--------+--------+--------+-----+--------+

Top non-repeatable levels by time:
     D:1: 1132 daAuts
     D:2: 821 daAuts
     D:3: 167 daAuts
